 Dungeon Crawl Stone Soup version 0.19-a0-585-ge40200b (webtiles) character file.

1279 magipi the Skirmisher (level 8, -1/73 HPs)
             Began as a Minotaur Artificer on June 9, 2016.
             Was an Initiate of Pakellas.
             Killed by divine providence
             ... invoked by an orc priest
              (16 damage)
             ... on level 6 of the Dungeon.
             The game lasted 00:32:42 (6345 turns).

magipi the Skirmisher (Minotaur Artificer)          Turns: 6345, Time: 00:32:43

Health: -1/73      AC:  8    Str: 17    XL:     8   Next: 29%
Magic:  12/12      EV: 10    Int:  8    God:    Pakellas [......]
Gold:   122        SH:  0    Dex: 13    Spells: 0 memorised, 7 levels left

rFire  . . .     SeeInvis .     a - +1 dagger (venom)
rCold  . . .     Gourm    .     b - +0 scale mail
rNeg   + . .     Faith    .     (no shield)
rPois  .         Spirit   .     (helmet restricted)
rElec  .         Dismiss  .     w - +1 cloak
rCorr  .         Reflect  .     (no gloves)
SustAt .         Harm     .     (no boots)
MR     .....                    (no amulet)
Stlth  ..........               (no ring)
                                n - ring of positive energy

@: not resistant to hostile enchantments, extremely unstealthy
A: retaliatory headbutt, horns 2
a: Renounce Religion


You were on level 6 of the Dungeon.
You worshipped Pakellas.
Pakellas was noncommittal.
You were hungry.

You visited 2 branches of the dungeon, and saw 8 of its levels.

You collected 264 gold pieces.
You spent 142 gold pieces at shops.

Notes
Turn   | Place    | Note
--------------------------------------------------------------
     0 | D:1      | magipi the Minotaur Artificer began the quest for the Orb.
     0 | D:1      | Reached XP level 1. HP: 16/16 MP: 1/1
   113 | D:1      | Reached skill level 2 in Fighting
   142 | D:1      | Reached XP level 2. HP: 22/24 MP: 3/3
   697 | D:1      | Reached XP level 3. HP: 29/30 MP: 4/4
   797 | D:2      | Reached skill level 3 in Fighting
   836 | D:2      | Found a sparkling altar of Nemelex Xobeh.
   839 | D:2      | Found a hazy altar of Hepliaklqana.
   851 | D:2      | Found a burning altar of Makhleb.
  1204 | D:2      | Reached XP level 4. HP: 38/38 MP: 5/5
  1359 | D:3      | Found a sacrificial altar of Ru.
  1450 | D:3      | Noticed Natasha
  1461 | D:3      | Killed Natasha
  1492 | D:3      | Reached skill level 4 in Fighting
  1512 | D:3      | Noticed Natasha
  1521 | D:3      | Killed Natasha
  1552 | D:3      | Noticed Natasha
  1563 | D:3      | Killed Natasha
  1563 | D:3      | Reached XP level 5. HP: 22/47 MP: 7/7
  2195 | D:2      | Reached skill level 5 in Fighting
  2293 | D:2      | Found a bloodstained altar of Trog.
  2641 | D:2      | Reached XP level 6. HP: 29/56 MP: 8/8
  2808 | D:2      | Found a deep blue altar of Sif Muna.
  3050 | D:4      | Noticed Shenda's ghost (novice GrFi)
  3288 | D:4      | Reached skill level 5 in Evocations
  3299 | D:4      | Found Bimu's General Store.
  3535 | D:4      | Bought a scroll of identify for 24 gold pieces
  3535 | D:4      | Bought a scroll of remove curse for 36 gold pieces
  3623 | D:4      | Found an ancient bone altar of Kikubaaqudgha.
  3825 | D:5      | Entered Level 5 of the Dungeon
  3947 | D:5      | Found a glowing golden altar of the Shining One.
  3964 | D:5      | Reached XP level 7. HP: 51/62 MP: 8/10
  4137 | D:5      | Found a snail-covered altar of Cheibriados.
  4208 | D:5      | Found a white marble altar of Elyvilon.
  4210 | D:5      | Found a shadowy altar of Dithmenos.
  4245 | D:5      | Found Xamorupa's General Store.
  4248 | D:5      | Bought a +0 cloak for 49 gold pieces
  4248 | D:5      | Bought a scroll of teleportation for 33 gold pieces
  4264 | D:5      | Found an opulent altar of Gozag.
  4403 | D:5      | Noticed Sigmund
  4417 | D:5      | Found a staircase to the Ecumenical Temple.
  4418 | D:5      | Noticed Pikel
  4474 | D:5      | Killed Sigmund
  4716 | Temple   | Entered the Ecumenical Temple
  4800 | D:5      | Killed a freed slave
  4850 | D:5      | Killed Pikel
  5359 | D:6      | Found a shimmering altar of Xom.
  5510 | D:6      | Noticed Prince Ribbit
  5525 | D:6      | Reached skill level 6 in Fighting
  5534 | D:6      | Noticed Prince Ribbit
  5534 | D:6      | Prince Ribbit changed into Prince Ribbit the hippogriff
  5537 | D:6      | Noticed Prince Ribbit
  5537 | D:6      | Prince Ribbit the hippogriff changed into Prince Ribbit the jumping spider
  5544 | D:6      | Noticed Eustachio
  5567 | D:6      | Killed Prince Ribbit the jumping spider
  5567 | D:6      | Reached XP level 8. HP: 5/71 MP: 11/11
  5904 | D:7      | Found a shattered altar of Ashenzari.
  6016 | D:7      | Reached skill level 7 in Fighting
  6082 | D:7      | Found an oddly glowing altar of Pakellas.
  6082 | D:7      | Found Pakellas's Prime Provisions.
  6086 | D:7      | Became a worshipper of Pakellas the Inventive
  6227 | D:7      | Noticed Charly's ghost (amateur HOBe)
  6345 | D:6      | Killed from afar by an orc priest

Inventory:

Hand Weapons
 a - a +1 dagger of venom (weapon)
 s - a +0 whip
 y - a +0 short sword
 C - a +0 whip of flaming
 I - a +2 dagger of holy wrath
Missiles
 g - 28 stones (quivered)
 D - 23 poisoned needles
 E - 12 tomahawks
 G - 3 silver tomahawks
Armour
 b - a +0 scale mail (worn)
 w - a +1 cloak (worn)
Jewellery
 n - a ring of positive energy (left hand)
 u - an uncursed ring of fire
Wands
 c - a wand of flame (0/48)
 d - a wand of enslavement (13/24)
 e - a wand of random effects (4/48)
 r - a wand of enslavement (11/24)
Scrolls
 h - a scroll of enchant weapon
 i - 2 scrolls of teleportation
 m - 3 scrolls of recharging
 v - 7 scrolls of remove curse
 x - a scroll of magic mapping
Potions
 j - a potion of lignification
 l - a potion of magic
 o - a potion of curing
 p - a potion of ambrosia
 t - a potion of brilliance
 z - 2 potions of flight
 A - a potion of haste
 F - a potion of invisibility {unknown}
Comestibles
 f - 5 bread rations
 k - 3 meat rations
 B - 2 beef jerkies


   Skills:
 + Level 7.5 Fighting
 - Level 4.0 Short Blades
 - Level 2.1 Dodging
 - Level 0.7 Stealth
 + Level 6.9 Evocations


You had 7 spell levels left.
You didn't know any spells.

Dungeon Overview and Level Annotations

Branches:
Dungeon (7/15)             Temple (1/1) D:5

Altars:
Ashenzari
Cheibriados
Dithmenos
Elyvilon
Fedhas
Gozag
Hepliaklqana
Kikubaaqudgha
Makhleb
Nemelex Xobeh
Okawaru
Pakellas
Qazlal
Ru
Sif Muna
Trog
Vehumet
Xom
Yredelemnul
Zin
The Shining One

Shops:
D:4 *   D:5 *   D:7 }

Annotations:
D:4 Shenda's ghost, novice GrFi
D:6 Eustachio
D:7 Charly's ghost, amateur HOBe


Innate Abilities, Weirdness & Mutations

You reflexively headbutt those who attack you in melee.
You have a pair of horns on your head.

Vault maps used:
D:1:      kennysheep_arrival_forest, minmay_crystal_water
D:2:      grunt_temple_overflow_cloverleaf, minmay_strange_pillars,
          lemuel_blue_sif_altar
D:3:      nicolae_ru_awakened_eye, first_bread, uniq_natasha
D:4:      marbit_many_paths, serial_shops, nicolae_shop_stone
D:5:      grunt_gozag_breadcrumbs, slow_altar_1, nicolae_overflow_hidden_temple,
          nicolae_tso_besieged_by_evil, temple_fountains, serial_shops,
          nicolae_shop_window_shopping, uniq_sigmund, uniq_pikel
D:6:      eat_drink_and_be_merry_uskayaw, basic_altar, serial_shops,
          nicolae_shop_temple_entry_statues_fountains, minivault_4,
          uniq_eustachio, uniq_prince_ribbit1
D:7:      johnstein_pakellas_shop, ashenzari_conservatory_becter
Temple:   temple_island_7


Message History

a flail; a gnoll corpse
Things that are here:
a flail; a gnoll corpse
u - a blackened peridot ring
Okay, then.
Put on which piece of jewellery? (? for menu, Esc to quit)
You feel more attuned to fire.
u - a ring of fire (right hand) Remove which piece of jewellery? (? for menu, Esc to quit)
You remove your ring of fire.
There is a stone staircase leading down here.
B - a scroll labeled SAS MUOCREIDEI
As you read the scroll labeled SAS MUOCREIDEI, it crumbles to dust.
You hear a loud clanging noise!
It was a scroll of noise.
You hear a shout! x3; You hear a bark!
You hear a shout!
Found 13 arrows.
Eustachio shouts!
Eustachio gestures wildly while chanting.
Eustachio mumbles some strange words.
There is a stone staircase leading down here.
You climb downwards.
There is a stone staircase leading up here.
Found a beef jerky.
B - a beef jerky
Found 7 stones.
Found an escape hatch in the ceiling.
B - 2 beef jerkies (gained 1)
Found a bread ration.
f - 5 bread rations (gained 1) Charly's ghost (amateur Hill Orc Berserker) comes into view.
Charly's ghost turns its malevolent gaze towards you.
Charly's ghost mumbles, "They all look like pillowcases to me..."
Found 15 gold pieces.
Found a stone staircase leading up.
A sky beast comes into view.
The sky beast flickers out of sight!
Deactivating autopickup; reactivate with Ctrl-A.
All of the chunks of flesh in your inventory have rotted away.
A sky beast appears from thin air!
Reactivating autopickup.
The sky beast flickers out of sight!
Deactivating autopickup; reactivate with Ctrl-A.
A sky beast appears from thin air!
Reactivating autopickup.
The sky beast flickers out of sight!
Deactivating autopickup; reactivate with Ctrl-A.
There is a stone staircase leading up here.
A sky beast appears from thin air!
Reactivating autopickup.
The sky beast hits you. The sky beast shocks you.
You hit the sky beast but do no damage.
The sky beast is poisoned.
Your headbutt misses the sky beast. The sky beast misses you.
The sky beast hits you but does no damage.
You climb upwards.
Level annotation: Eustachio
There is a stone staircase leading down here.
You hit the sky beast.
The sky beast looks even sicker.
Your headbutt misses the sky beast.
The sky beast is lightly wounded.
The sky beast completely misses you.
You closely miss the sky beast. You headbutt the sky beast.
The sky beast is heavily wounded.
You hit the sky beast.
The sky beast is severely wounded.
The sky beast barely misses you. You furiously retaliate!
You headbutt the sky beast, but do no damage.
You closely miss the sky beast. Your headbutt misses the sky beast.
The sky beast is severely wounded.
The sky beast hits you. The sky beast shocks you.
You hit the sky beast. You headbutt the sky beast.
You kill the sky beast!
Pakellas accepts your kill.
You are feeling hungry.
An electric eel comes into view.
The electric eel shoots out a bolt of lightning at you!
The bolt of electricity hits you!
The electric eel shoots out a bolt of lightning at you!
The bolt of electricity hits you! x2
The electric eel shoots out a bolt of lightning at you!
The bolt of electricity hits you! x2
A gnoll comes into view. It is wielding a whip.
The gnoll shouts!
An orc priest comes into view.
The orc priest shouts!
A gnoll comes into view. It is wielding a flail.
A hound and an orc warrior come into view.
The electric eel shoots out a bolt of lightning at you!
The bolt of electricity hits you!
* * * LOW HITPOINT WARNING * * *
An orc and a shadow imp come into view.
The shadow imp shouts!
The orc shouts!
The electric eel shoots out a bolt of lightning at you!
The bolt of electricity hits you!
* * * LOW HITPOINT WARNING * * *
The shadow imp moves out of view. 2 orcs come into view.
The orc priest calls down the wrath of Beogh upon you.
Beogh smites you!
You die...
Pakellas says: Back to the drawing board!

.......5...###
....#..##.#
.............### ...
##....# ..............#.
#.# #......
.##..>..)....... ##.#
#...... .##....)).#.....
#..###......
.##.......##....
#........(..
.###.#.##.......
#.####...... #.#.#
###....######.####......
..#.#
##.@......##.....)..
#.##.#
###..#..##..#...... ..
#.# ##.#.....##......
..# #.# #.#.##.......##.
#.# ###...##..........
#.# #........#....##≈#
#.# #...#...o.....#≈#≈≈#
..#
...###5###.....#≈≈≈≈≈ ##
#.# #....##≈#≈≈#


You could see an orc priest.

Vanquished Creatures
  A jumping spider (D:6)
  A sky beast (D:6)
  A centaur (D:6)
  A giant frog (D:6)
  A gnoll sergeant (D:6)
  A scorpion (D:4)
  4 howler monkeys
  A quasit (D:5)
  An orc priest (D:6)
  4 orc wizards
  Natasha (thrice) (D:3)
  A mummy (D:5)
  7 adders
  10 gnolls
  2 oozes (D:3)
  2 worms
  4 dart slugs
  3 giant geckos
  17 orcs
  7 bats
  2 giant cockroaches
  8 goblins
  14 hobgoblins
  12 jackals
  5 quokkas
  A ball python (D:3)
  A giant gecko skeleton (D:4)
  5 giant newts
  A goblin skeleton (D:5)
  2 hobgoblin zombies (D:5)
  A jackal skeleton (D:4)
  6 kobolds
  2 kobold skeletons (D:5)
  A kobold zombie (D:5)
  2 orc zombies (D:5)
  6 rats
141 creatures vanquished.

Vanquished Creatures (collateral kills)
  An ogre (D:5)
  2 orcs (D:3)
  A kobold (D:3)
4 creatures vanquished.

Vanquished Creatures (others)
  Pikel (D:5)
  Sigmund (D:5)
  3 slaves (D:5)
  4 gnolls
  2 orcs (D:3)
11 creatures vanquished.

Grand Total: 156 creatures vanquished

Action                   |  1- 3 |  4- 6 |  7- 9 || total
-------------------------+-------+-------+-------++-------
Melee: Short sword       |   124 |   139 |       ||   263
       Headbutt          |    15 |    41 |    38 ||    94
       Dagger            |       |    61 |   122 ||   183
Evoke: Wand              |       |    25 |    18 ||    43
  Use: Scroll            |       |     6 |    11 ||    17
  Eat: Chunk             |     1 |     3 |     2 ||     6
       Royal jelly       |       |     1 |       ||     1
       Beef jerky        |       |     1 |     2 ||     3
       Bread ration      |       |     1 |       ||     1
Armor: Leather armour    |    14 |       |       ||    14
       Scale mail        |    26 |    75 |    37 ||   138
Dodge: Dodged            |    65 |   103 |    51 ||   219

Action                   |  1- 3 |  4- 6 |  7- 9 || total
-------------------------+-------+-------+-------++-------
Melee: Short sword       |   124 |   139 |       ||   263
       Headbutt          |    15 |    41 |    38 ||    94
       Dagger            |       |    61 |   122 ||   183
Evoke: Wand              |       |    25 |    18 ||    43
  Use: Scroll            |       |     6 |    11 ||    17
  Eat: Chunk             |     1 |     3 |     2 ||     6
       Royal jelly       |       |     1 |       ||     1
       Beef jerky        |       |     1 |     2 ||     3
       Bread ration      |       |     1 |       ||     1
Armor: Leather armour    |    14 |       |       ||    14
       Scale mail        |    26 |    75 |    37 ||   138
Dodge: Dodged            |    65 |   103 |    51 ||   219
